 Dungeon Crawl Stone Soup version 0.22-a0-362-g535178c (webtiles) character file.

1488 4thArraOfDagon the Firebug (level 8, 0/48 HPs)
             Began as an Octopode Fire Elementalist on Apr 20, 2018.
             Was a Believer of Vehumet.
             Slain by a centaur (9 damage)
             ... on level 4 of the Dungeon.
             The game lasted 00:17:16 (3926 turns).

4thArraOfDagon the Firebug (OpFE)                   Turns: 3926, Time: 00:17:17

Health: 0/48       AC:  1    Str:  7    XL:     8   Next: 80%
Magic:  10/14      EV: 13    Int: 20    God:    Vehumet [**....]
Gold:   247        SH:  4    Dex: 12    Spells: 3/16 levels left

rFire    . . .     SeeInvis +   i - +1 falchion (flame)
rCold    . . .     Gourm    .   m - +0 buckler (curse)
rNeg     + . .     Faith    .   (helmet restricted)
rPois    .         Spirit   .   d - amulet of magic regeneration
rElec    .         Reflect  .   e - ring of see invisible
rCorr    .         Harm     .   h - ring of protection from magic
MR       +....                  g - ring of positive energy
Stlth    +++.......             (no ring)
HPRegen  0.16/turn              (no ring)
MPRegen  0.39/turn              (no ring)
                                (no ring)
                                (no ring)

@: no status effects
A: almost no armour, stealthy swim, amphibious, 8 rings, constrict 8, camouflage
1, gelatinous body 1
a: Renounce Religion


You were on level 4 of the Dungeon.
You worshipped Vehumet.
Vehumet was pleased with you.
You were very hungry.

You visited 2 branches of the dungeon, and saw 8 of its levels.

You collected 247 gold pieces.

Inventory:

Hand Weapons
 f - a +0 morningstar
 i - a +1 falchion of flaming (weapon)
 s - a +2 whip of freezing
Armour
 m - a cursed +0 buckler (worn)
Jewellery
 d - an amulet of magic regeneration (around mantle)
 e - a ring of see invisible (left tentacle)
 g - a ring of positive energy (on tentacle)
 h - a ring of protection from magic (right tentacle)
Scrolls
 c - 2 scrolls of teleportation
 l - 2 scrolls of amnesia {unknown}
 o - 5 scrolls of immolation {unknown}
 p - a scroll of fear
 q - a scroll of random uselessness {unknown}
 t - a scroll of remove curse {unknown}
 v - a scroll of magic mapping {unknown}
Potions
 a - a potion of flight
 j - a potion of might
 k - a potion of degeneration {unknown}
 n - a potion of brilliance {unknown}
 r - a potion of ambrosia
 u - a potion of curing
 w - a potion of heal wounds {unknown}
Comestibles
 b - 10 rations


   Skills:
 + Level 1.2 Fighting
 + Level 2.4 Dodging
 - Level 2.6 Stealth
 + Level 1.3 Shields
 + Level 4.5 Spellcasting
 * Level 6.4 Conjurations
 * Level 7.1 Fire Magic


You had 3 spell levels left.
You knew the following spells:

 Your Spells              Type           Power        Failure   Level  Hunger
a - Flame Tongue          Conj/Fire      ####.        1%          1    None
b - Conjure Flame         Conj/Fire      ####....     3%          3    ##.....
c - Sticky Flame          Conj/Fire      ####....     11%         4    ####...
d - Fireball              Conj/Fire      ####......   28%         5    ######.


Dungeon Overview and Level Annotations

Branches:
Dungeon (7/15)             Temple (1/1) D:5

Altars:
Ashenzari
Cheibriados
Elyvilon
Hepliaklqana
Kikubaaqudgha
Nemelex Xobeh
Okawaru
Qazlal
Ru
Trog
Uskayaw
Vehumet
Xom
Yredelemnul
Zin
The Shining One
Lugonu

Annotations:
D:4 Dowan; Duvessa
D:5 Uberwunderbarhen's ghost, amateur TrMo


Innate Abilities, Weirdness & Mutations

You cannot wear most types of armour.
You are very stealthy in the water. (Stealth+)
You are amphibious.
You can wear up to eight rings at the same time.
You can use your tentacles to constrict eight enemies at once.
Your skin changes colour to match your surroundings (Stealth+).
Your rubbery body absorbs attacks. (AC +1, EV +1)


Message History

The arrow hits you!
* * * LOW HITPOINT WARNING * * *
You see here 2 arrows.
Unknown command.
Unknown command.
The centaur unwields an uncursed shortbow.
The centaur hits you.
* * * LOW HITPOINT WARNING * * *
Unknown command.
Unknown command.
Casting: Flame Tongue (safe; 1% risk of failure)
Confirm with . or Enter, or press ? or * to list all spells.
Aiming: Sticky Flame (safe; 11% risk of failure)
Press: ? - help, Shift-Dir - straight line, f - centaur
Aim: a centaur The sticky flame hits the centaur.
The centaur is lightly wounded.
The centaur is covered in liquid flames!
The centaur burns!
The centaur hits you!
You die...

.##.....#........#.
...#..>...........
#.....####.....#..
.......# ###...###
##..#...###...#....
##.....#......###...
...######..#.#....####
##.e
#.....%..........# #..
######.(((@......# ##.
##........c...... #.
##..#..#######.... #.
#..<..## .#. #.
#.....# ... #......###
##.. #...##### ..# #..
... #.


You could see a centaur (burning).

Vanquished Creatures
  Sigmund (D:3)
  An orc warrior (D:6)
  An ogre (D:6)
  2 centaurs
  3 bullfrogs (D:6)
  A howler monkey (D:5)
  2 crimson imps (D:5)
  A centaur zombie (D:6)
  3 orc wizards
  6 orc priests
  3 hounds (D:6)
  A bullfrog skeleton (D:4)
  2 worker ants
  A hound skeleton (D:6)
  9 adders
  An ooze (D:2)
  2 worms
  4 dart slugs
  6 leopard geckos
  17 orcs
  3 ball pythons
  5 giant cockroaches
  10 goblins
  12 hobgoblins
  14 jackals
  9 kobolds
  4 quokkas
  4 bats
  3 frilled lizards
  8 rats
139 creatures vanquished.

Vanquished Creatures (others)
  A goblin (D:1)
1 creature vanquished.

Grand Total: 140 creatures vanquished

Notes
Turn   | Place    | Note
-------+----------+-------------------------------------------
     0 | D:1      | 4thArraOfDagon the Octopode Fire Elementalist began the quest for the Orb.
     0 | D:1      | Reached XP level 1. HP: 11/11 MP: 3/3
   147 | D:2      | Reached XP level 2. HP: 17/17 MP: 0/5
   278 | D:2      | Reached XP level 3. HP: 16/21 MP: 2/6
   283 | D:2      | Learned a level 3 spell: Conjure Flame
   339 | D:2      | HP: 1/21 [adder (4)]
   367 | D:2      | :O
   537 | D:4      | Noticed Dowan
   571 | D:4      | Reached XP level 4. HP: 22/27 MP: 4/7
   585 | D:4      | Reached skill level 4 in Fire Magic
   592 | D:4      | Learned a level 4 spell: Sticky Flame
   603 | D:4      | Found a hazy altar of Hepliaklqana.
   627 | D:5      | Entered Level 5 of the Dungeon
   642 | D:5      | Reached XP level 5. HP: 29/31 MP: 7/9
   673 | D:5      | Noticed Uberwunderbarhen's ghost (amateur TrMo)
   680 | D:6      | Noticed an orc warrior
   704 | D:5      | Found a staircase to the Ecumenical Temple.
   713 | Temple   | Entered the Ecumenical Temple
   805 | D:4      | Noticed a centaur
   889 | D:5      | Noticed a centaur
   899 | D:5      | Killed a centaur
   899 | D:5      | Reached XP level 6. HP: 18/36 MP: 3/10
  1370 | D:6      | Reached skill level 5 in Fire Magic
  1418 | D:7      | Noticed an orc warrior
  1438 | D:6      | Found a bloodstained altar of Trog.
  1540 | D:6      | Killed an orc warrior
  1540 | D:6      | Reached XP level 7. HP: 41/41 MP: 3/12
  1578 | D:6      | Learned a level 5 spell: Fireball
  1655 | D:6      | Found an iron altar of Okawaru.
  1777 | D:6      | Reached skill level 5 in Conjurations
  1777 | D:6      | Reached skill level 6 in Fire Magic
  1908 | D:6      | Found a radiant altar of Vehumet.
  1912 | D:6      | Found a white marble altar of Elyvilon.
  1914 | D:6      | 4thArraOfDagon: ??Divine Vigour
  1914 | D:6      | beem: divine vigour[1/1]: Divine Vigour temporarily increases max HP and MP by 5% plus another 5% per 3 levels of invocations skill (increasing current HP and MP proportionally in the process).
  1916 | D:6      | Became a worshipper of Vehumet
  1974 | D:6      | Reached XP level 8. HP: 42/46 MP: 3/14
  2322 | D:5      | Found a shimmering altar of Xom.
  2322 | D:5      | Found a bloodstained altar of Trog.
  2348 | D:4      | Noticed Duvessa
  2384 | D:3      | Reached * piety under Vehumet
  2384 | D:3      | Offered knowledge of Sting by Vehumet.
  2459 | D:3      | Noticed Sigmund
  2490 | D:3      | Killed Sigmund
  2490 | D:3      | Reached skill level 7 in Fire Magic
  2494 | D:3      | Reached skill level 1 in Fighting
  2494 | D:3      | Reached skill level 1 in Shields
  2627 | D:2      | Found a hide-covered altar of Uskayaw.
  2984 | D:2      | Found a stormy altar of Qazlal.
  3005 | D:2      | Offered knowledge of Throw Frost by Vehumet.
  3119 | D:1      | Reached ** piety under Vehumet
  3926 | D:4      | Slain by a centaur

Vault maps used:
D:1:      minmay_arrival_stair_chambers, minmay_misc_feat_x, lemuel_flame_loot_1
D:2:      nicolae_overflow_hidden_temple, grunt_qazlal_clouds
D:3:      uniq_sigmund
D:4:      kennysheep_mini, grunt_gozag_breadcrumbs, st_stairs_1,
          minmay_distorted, uniq_duvessa, uniq_edmund
D:5:      gammafunk_temple_overflow_elements, minmay_temple_entry_glass,
          first_ration
D:6:      lemuel_round_altar, minitemple, trog_hazing_becter
Temple:   corrupted_temple

Skill      XL: |  1  2  3  4  5  6  7  8 |
---------------+-------------------------+-----
Conjurations   | 2 3 4 5 6 |  6.4
Fire Magic     | 4 5 6 7 |  7.1
Spellcasting   | 3 4 |  4.5
Fighting       | 1 |  1.2
Shields        | 1 |  1.3
Dodging        | |  2.4
Stealth        | |  2.6

Action                   |  1- 3 |  4- 6 |  7- 9 || total
-------------------------+-------+-------+-------++-------
Melee: Unarmed           |     4 |       |       ||     4
       Constrict         |     3 |     3 |    23 ||    29
       Tentacles         |     1 |     4 |    12 ||    17
       Morningstar       |     1 |    16 |     2 ||    19
       Falchion          |       |       |    62 ||    62
       Whip              |       |       |     1 ||     1
 Cast: Flame Tongue      |    49 |    57 |    69 ||   175
       Conjure Flame     |       |     4 |     5 ||     9
       Sticky Flame      |       |     2 |    16 ||    18
       Fireball          |       |       |     1 ||     1
  Use: Potion            |     2 |     1 |       ||     3
       Scroll            |       |     3 |     3 ||     6
 Stab: Sleeping          |     1 |       |     5 ||     6
       Distracted        |       |       |     2 ||     2
  Eat: Chunk             |       |     4 |    10 ||    14
Armor: Skin              |     2 |     2 |     4 ||     8
Dodge: Dodged            |    11 |    35 |    65 ||   111
Block: Buckler           |       |       |     6 ||     6
       Rpst.: Falchion   |       |       |    24 ||    24

Table legend:
 A = Spawn XP
 B = Non-spawn XP
 C = Spawn XP percentage of total XP
 D = Spawn monster count
 E = Non-spawn monster count
 F = Spawn count percentage of total count
 G = Total turns spent on level
                    A         B        C        D         E        F      G
               +---------+---------+-------+---------+---------+-------+---------
         Total |       0 |    2127 |   0.0 |       0 |     139 |   0.0 |  3926
               +---------+---------+-------+---------+---------+-------+---------
           D:1 |       0 |      29 |   0.0 |       0 |      16 |   0.0 |   456
           D:2 |       0 |      97 |   0.0 |       0 |      29 |   0.0 |   854
           D:3 |       0 |     479 |   0.0 |       0 |      37 |   0.0 |   804
           D:4 |       0 |      78 |   0.0 |       0 |       7 |   0.0 |   109
           D:5 |       0 |     464 |   0.0 |       0 |      19 |   0.0 |   623
           D:6 |       0 |     936 |   0.0 |       0 |      29 |   0.0 |  1044
           D:7 |       0 |      44 |   0.0 |       0 |       2 |   0.0 |     7
               +---------+---------+-------+---------+---------+-------+---------
